 Dungeon Crawl Stone Soup version 0.28.0-53-g5a82cb258f (webtiles) character file.

Game seed: 9291526674081275997

7 Zeld the Vexing (level 1, 0/13 HPs)
             Began as a Vampire Enchanter on May 27, 2022.
             Slain by a giant cockroach (2 damage)
             ... on level 1 of the Dungeon.
             The game lasted 00:00:42 (288 turns).

Zeld the Vexing (Vampire Enchanter)                  Turns: 288, Time: 00:00:42

Health: 0/13       AC:  2    Str:  7    XL:     1   Next: 83%
Magic:  3/3        EV: 12    Int: 17    God:
Gold:   0          SH:  0    Dex: 14    Spells: 4/4 levels left

rFire   . . .      SeeInvis +   a - +1 dagger
rCold   . . .      Faith    .   (no shield)
rNeg    . . .      Spirit   .   b - +0 robe
rPois   +          Reflect  .   (no helmet)
rElec   .          Harm     .   (no cloak)
rCorr   .          Rampage  .   (no gloves)
Will    .....                   (no boots)
Stlth   +++.......              (no amulet)
HPRegen 0.24/turn               d - ring of poison resistance
MPRegen 0.08/turn               (no ring)

@: healing quickly
A: alive, fangs 3, see invisible, vampiric 1
a: Exsanguinate


You were on level 1 of the Dungeon.
You visited 1 branch of the dungeon, and saw 1 of its levels.

Inventory:

Hand Weapons
 a - a +1 dagger (weapon)
Armour
 b - a +0 robe (worn)
Jewellery
 d - a ring of poison resistance (left hand)
Scrolls
 e - a scroll of enchant weapon {unknown}
Potions
 c - 2 potions of invisibility


   Skills:
 + Level 0.2 Fighting
 * Level 1.4 Short Blades
 - Level 2.1 Dodging
 + Level 4.5 Stealth
 * Level 2.1 Spellcasting
 * Level 4.6 Hexes


You had 4 spell levels left.
You didn't know any spells.
Your spell library contained the following spells:

 Spells                   Type           Power      Damage    Failure   Level
 Confusing Touch          Hex            17%        N/A       9%          3
 Tukima's Dance           Hex            17%        N/A       9%          3
 Ensorcelled Hibernation  Hex/Ice        18%        N/A       11%         2
 Dazzling Flash           Conj/Hex       18%        N/A       22%         3


Dungeon Overview and Level Annotations

Branches:
Dungeon (1/15)

Altars:


Innate Abilities, Weirdness & Mutations

Your natural rate of healing is accelerated.
You have razor-sharp teeth.
You have supernaturally acute eyesight. (SInv)
You are afflicted with vampirism.


Message History

A bat is nearby!
A goblin comes into view. It is wielding a +0 club.
Found 8 arrows.
The goblin shouts!
The bat misses you.
There are monsters nearby!
You miss the bat. Your bite misses the bat.
The bat is heavily wounded.
The bat closely misses you.
A giant cockroach comes into view.
The bat closely misses you.
The giant cockroach moves out of view.
There are monsters nearby!
You barely miss the bat.
The bat is heavily wounded.
The bat closely misses you.
There are monsters nearby!
The bat hits you.
There is a stone staircase leading down here.
There are monsters nearby!
You hit the bat.
You kill the bat!
The goblin hits you with a +0 club.
You hit the goblin.
The goblin is heavily wounded.
The goblin hits you with a +0 club.
You closely miss the goblin. You punch the goblin, but do no damage.
The goblin is moderately wounded.
The goblin hits you with a +0 club.
You hit the goblin.
You kill the goblin!
You are too injured to fight recklessly!
Things that are here:
a +0 club; a goblin corpse You are too injured to fight recklessly!
You are too injured to fight recklessly!
The giant cockroach bites you.
* * * LOW HITPOINT WARNING * * *
You are too injured to fight recklessly!
You barely miss the giant cockroach. The giant cockroach bites you.
You die...

...♣..##.# #.###.###.###.
....♣♣..##...#.#...#.#...#.
8. ♣...##.###.#####.#####.
♣ ##.###.................
#. ###.#.#.###......# #.
#.#...# ######.. ##.
#.#.### ###
##(..####.#.###### #
......B@).>......# #
.......(..######.#######
#.....#.#.... ...>...
......#...##.# #######
##### ##.## # #### #.# ....
#.# .### #.#


You could see a giant cockroach.

Vanquished Creatures
  A bat (D:1)
  A goblin (D:1)
  A hobgoblin (D:1)
  2 ball pythons (D:1)
  A frilled lizard (D:1)
6 creatures vanquished.

Notes
Turn   | Place    | Note
-------+----------+-------------------------------------------
     0 | D:1      | Zeld the Vampire Enchanter began the quest for the Orb.
     0 | D:1      | Reached XP level 1. HP: 13/13 MP: 3/3
   288 | D:1      | Slain by a giant cockroach

Illustrated notes

Levels and vault maps discovered:
D:1:      evilmike_arrival_hilbert_curve, layout_loops_ring,
          shapermc_ecumenical_altar_totnotflames

Action                   || total
-------------------------++-------
Melee: Dagger            ||    26
       Punch             ||     1
       Bite              ||     1
Armor: Robe              ||     5
Dodge: Dodged            ||    13
